 Dungeon Sprint DCSS version 0.26-a0-962-g9b92081034 (webtiles) character file.

Game seed: 10640980154846894351

50591 Kobol5 the Hawkeye (level 14, -11/95 HPs)
             Began as a Gargoyle Fighter on Dec 2, 2020.
             Was the Champion of Okawaru.
             Mangled by a white very ugly thing (31 damage)
             ... in the Dungeon (Sprint IX: "|||||||||||||||||||||||||||||").
             The game lasted 00:10:06 (3873 turns).

Kobol5 the Hawkeye (Gargoyle Fighter)               Turns: 3873, Time: 00:10:07

Health: -11/95     AC: 42    Str: 20    XL:     14   Next: 55%
Magic:  22/22      EV: 16    Int: 10    God:    Okawaru [******]
Gold:   1867       SH: 16    Dex: 13    Spells: 13/13 levels left

rFire    . . .     SeeInvis .   n - +2 scimitar (flame)
rCold    . . .     Faith    .   c - +0 kite shield
rNeg     + . .     Spirit   .   y - +1 plate armour {rPois}
rPois    ∞         Reflect  .   v - +2 hat {MR+}
rElec    +         Harm     .   G - +1 cloak
rCorr    .         Rampage  .   J - +2 pair of gloves of the Chupacabra {-Cast Regen+ Slay+3}
MR       ++...     NoTele   +   F - +1 pair of boots Stlth ..........NoCast +
                                (no amulet)
HPRegen  0.65/turn              s - +2 ring of protection
MPRegen  0.18/turn              r - +2 ring of evasion

@: heroism
A: big wings, negative energy resistance 1, electricity resistance, unbreathing,
petrification resistance, rot immunity, AC +10
a: Fly, Heroism, Finesse, Renounce Religion


You were in the Dungeon.
You worshipped Okawaru.
Okawaru was exalted by your worship.
You visited 1 branch You collected 1922 gold pieces.
You spent 55 gold pieces at shops.

Inventory:

Hand Weapons
 n - a +2 scimitar of flaming (weapon)
 p - a +2 falchion of protection
 E - a +1 long sword of holy wrath
Armour
 c - a +0 kite shield (worn)
 d - the +0 helmet of Glamorous Fun {rN+ rCorr MP+9}
   (Okawaru gifted it to you in the Dungeon)

   It protects you from negative energy.
   It affects your magic capacity (+9).
   It provides partial protection from all sources of acid and corrosion.
 v - a +2 hat of magic resistance (worn)
 y - a +1 plate armour of poison resistance (worn)
 F - a +1 pair of boots (worn)
 G - a +1 cloak (worn)
 H - the +4 Cigotuvi's embrace {rRot *Drain rN+}
   (You found it in the Dungeon)

   It protects you from negative energy.
   It causes draining when unequipped.
 J - the +2 pair of gloves of the Chupacabra (worn) {-Cast Regen+ Slay+3}
   (Okawaru gifted it to you in the Dungeon)

   It affects your accuracy and damage with ranged weapons and melee attacks
   (+3).
   It prevents spellcasting.
   It increases your rate of regeneration.
Jewellery
 r - a +2 ring of evasion (right hand)
 s - a +2 ring of protection (left hand)
 A - an uncursed ring of fire
 B - an uncursed ring of see invisible
 C - an uncursed ring of protection from cold
 D - an uncursed ring of protection from cold
Wands
 m - a wand of acid (1)
Scrolls
 a - 6 scrolls of enchant weapon
 j - 3 scrolls of blinking
 k - 3 scrolls of remove curse
 l - 2 scrolls of amnesia
 o - 3 scrolls of fear
 t - 6 scrolls of enchant armour
 u - a scroll of fog
 I - a scroll of identify
Potions
 b - a potion of brilliance
 e - 6 potions of curing
 f - 10 potions of heal wounds
 g - 6 potions of haste
 h - 4 potions of magic
 i - a potion of invisibility
 x - a potion of flight {unknown}


   Skills:
 + Level 13.7(18.7) Fighting
 + Level 15.0(20.0) Long Blades
 * Level 21.7(26.7) Throwing
 + Level 12.8(17.8) Armour
 + Level 10.6(15.6) Dodging
 + Level 14.8(19.8) Shields
 - Level 10.7 Invocations


You had 13 spell levels left.
You didn't know any spells.
Your spell library contained the following spells:

 Spells                   Type           Power        Failure   Level
 Bolt of Magma            Conj/Fire/Erth #.........   100%        5
 Iskenderun's Battlesphe  Conj           #.......     100%        5
 Iron Shot                Conj/Erth      #.........   100%        6
 Orb of Destruction       Conj           #.........   100%        7
 Spellforged Servitor     Conj/Summ      #.........   100%        7


Dungeon Overview and Level Annotations

Branches:
Dungeon (1/1)

Altars:
Cheibriados
Dithmenos
Elyvilon
Fedhas
Gozag
Hepliaklqana
Kikubaaqudgha
Makhleb
Nemelex Xobeh
Okawaru
Qazlal
Ru
Sif Muna
Trog
Uskayaw
Vehumet
Wu Jian
Xom
Yredelemnul
Zin
The Shining One
Beogh
Jiyva
Lugonu

Shops:
D }*[*


Innate Abilities, Weirdness & Mutations

You are resistant to torment.
Your stone body is resilient. (AC +10)
You are immune to poison.
Your large and strong wings let you fly indefinitely.
You resist negative energy. (rN+)
You are resistant to electric shocks. (rElec)
You can survive without breathing.
You are immune to petrification.
You are immune to rotting.


Message History

The jumping spider is moderately wounded.
You block the jumping spider's attack.
The jumping spider bites you but does no damage.
Unknown command.
You barely miss the jumping spider.
The jumping spider is moderately wounded.
You block the jumping spider's attack.
The jumping spider bites you but does no damage.
Unknown command.
You barely miss the jumping spider.
The jumping spider is moderately wounded.
You block the jumping spider's attack. The jumping spider misses you.
Unknown command.
You closely miss the jumping spider.
The jumping spider is moderately wounded.
You block the jumping spider's attack. The jumping spider closely misses you.
The white very ugly thing headbutts you!
* * * LOW HITPOINT WARNING * * *
The white very ugly thing freezes you!!
You die...

▓▓▓▓▓▓▓▓▓▓▓▓▓▓▓▓▓▓▓▓▓▓▓▓
(...(Gu@s)†((...........
▓▓▓▓▓▓▓▓▓▓▓▓▓▓▓▓▓▓▓▓▓▓▓▓▓▓▓▓▓▓▓▓▓
.................................
▓▓▓▓▓▓▓▓▓▓▓▓♣♣♣♣♣♣♣♣♣♣▓▓▓▓▓▓▓▓▓▓▓
)'...†..†.††.....÷..)'........(†.
▓▓▓▓▓▓▓▓▓▓▓▓♣♣♣♣♣♣♣♣♣♣▓▓▓▓▓▓▓▓▓▓▓
.................................
▓▓▓▓▓▓▓▓▓▓▓▓▓▓▓▓▓▓▓▓▓▓▓▓▓▓▓▓▓▓▓▓▓
.......[[[[[[.))).)))).....'.....


You could see a white very ugly thing, a great orb of eyes and a jumping spider.

Vanquished Creatures
  A nagaraja (D)
  A fire giant (D)
  A frost giant (D)
  2 stone giants (D)
  2 very ugly things (D)
  2 bunyips (D)
  2 ettins (D)
  3 fire dragons (D)
  A great orb of eyes (D)
  2 yaktaur captains (D)
  A rakshasa (D)
  2 merfolk impalers (D)
  2 hydras (D)
  An ice dragon (D)
  2 boulder beetles (D)
  Josephine (D)
  A spriggan air mage (D)
  2 naga warriors (D)
  A two-headed ogre (D)
  A death yak (D)
  A deep troll earth mage (D)
  5 orc high priests (D)
  A tengu warrior (D)
  2 naga sharpshooters (D)
  Urug (D)
  Sonja (D)
  A sea snake (D)
  A spriggan druid (D)
  2 swamp dragons (D)
  5 orc knights (D)
  2 orc sorcerers (D)
  2 mana vipers (D)
  A cyclops (D)
  5 wolf spiders (D)
  A will-o-the-wisp (D)
  A moth of wrath (D)
  2 black mambas (D)
  3 merfolk sirens (D)
  A rime drake (D)
  4 cane toads (D)
  A yaktaur (D)
  2 demonic crawlers (D)
  A troll (D)
  A jumping spider (D)
  4 tyrant leeches (D)
  A wind drake (D)
  A tarantella (D)
  A water elemental (D)
  A redback (D)
  A yak (D)
  5 wraiths (D)
  Grum (D)
  A wyvern (D)
  A steam dragon (D)
  3 vampire mosquitoes (D)
  A naga (D)
  5 water moccasins (D)
  13 orc warriors (D)
  A black bear (D)
  A boggart (D)
  A necrophage (D)
  4 wolves (D)
  A centaur (D)
  4 bullfrogs (D)
  A jelly (D)
  A hound (D)
  4 orc priests (D)
  3 orc wizards (D)
  An iguana (D)
  A worker ant (D)
  An adder (D)
  A shadow imp (D)
  An adder skeleton (D)
  A dart slug (D)
  A leopard gecko (D)
  9 orcs (D)
  2 bat zombies (D)
  A jackal (D)
  2 kobolds (D)
  A leopard gecko zombie (D)
  A quokka skeleton (D)
  2 rats (D)
163 creatures vanquished.

Vanquished Creatures (others)
  A bloated husk (D)
1 creature vanquished.

Grand Total: 164 creatures vanquished

Notes
Turn   | Place    | Note
-------+----------+-------------------------------------------
     0 | D        | Kobol5 the Gargoyle Fighter began the quest for the Orb.
     0 | D        | Reached XP level 1. HP: 14/14 MP: 1/1
   128 | D        | Reached skill level 1 in Dodging
   128 | D        | Reached XP level 2. HP: 20/20 MP: 2/2
   189 | D        | Found a roughly hewn altar of Beogh.
   189 | D        | Found a snail-covered altar of Cheibriados.
   189 | D        | Found a shadowy altar of Dithmenos.
   189 | D        | Found a white marble altar of Elyvilon.
   189 | D        | Found a blossoming altar of Fedhas.
   189 | D        | Found an opulent altar of Gozag.
   190 | D        | Found a hazy altar of Hepliaklqana.
   191 | D        | Found a viscous altar of Jiyva.
   192 | D        | Found an ancient bone altar of Kikubaaqudgha.
   193 | D        | Found a corrupted altar of Lugonu.
   194 | D        | Found a burning altar of Makhleb.
   195 | D        | Found a sparkling altar of Nemelex Xobeh.
   196 | D        | Found an iron altar of Okawaru.
   197 | D        | Found a stormy altar of Qazlal.
   198 | D        | Found a sacrificial altar of Ru.
   199 | D        | Found a shimmering blue altar of Sif Muna.
   200 | D        | Found a bloodstained altar of Trog.
   201 | D        | Found a hide-covered altar of Uskayaw.
   202 | D        | Found a radiant altar of Vehumet.
   203 | D        | Found an ornate altar of the Wu Jian Council.
   204 | D        | Became a worshipper of Warmaster Okawaru
   205 | D        | Found a shimmering altar of Xom.
   206 | D        | Found a basalt altar of Yredelemnul.
   207 | D        | Found a glowing silver altar of Zin.
   208 | D        | Found a glowing golden altar of the Shining One.
   260 | D        | Noticed a two-headed ogre
   260 | D        | Noticed a bullfrog
   263 | D        | Reached XP level 3. HP: 24/24 MP: 3/3
   265 | D        | Reached skill level 1 in Invocations
   265 | D        | Reached XP level 4. HP: 30/30 MP: 3/5
   265 | D        | Killed a bullfrog
   266 | D        | Reached skill level 5 in Fighting
   266 | D        | Reached skill level 5 in Armour
   266 | D        | Reached skill level 5 in Shields
   266 | D        | Reached XP level 5. HP: 35/35 MP: 3/7
   268 | D        | Killed a two-headed ogre
   268 | D        | Reached * piety under Okawaru
   268 | D        | Reached ** piety under Okawaru
   269 | D        | Reached skill level 5 in Dodging
   269 | D        | Reached XP level 6. HP: 34/44 MP: 3/11
   269 | D        | Reached XP level 7. HP: 38/49 MP: 3/12
   400 | D        | Reached XP level 8. HP: 52/55 MP: 13/13
   419 | D        | Reached *** piety under Okawaru
   638 | D        | Noticed a six-headed hydra
   638 | D        | Noticed a black mamba
   638 | D        | Noticed a rime drake
   638 | D        | Noticed a yak
   644 | D        | Killed a yak
   644 | D        | Killed a rime drake
   646 | D        | Noticed a cane toad
   652 | D        | Killed a one-headed hydra
   652 | D        | Reached **** piety under Okawaru
   653 | D        | Reached XP level 9. HP: 54/61 MP: 15/15
   660 | D        | Killed a black mamba
   661 | D        | Reached skill level 10 in Long Blades
   669 | D        | Killed a cane toad
   670 | D        | Reached skill level 10 in Fighting
   670 | D        | Reached skill level 10 in Shields
   710 | D        | Noticed a cane toad
   712 | D        | Noticed a cane toad
   719 | D        | Noticed a death yak
   719 | D        | Reached ***** piety under Okawaru
   725 | D        | Reached XP level 10. HP: 64/68 MP: 17/17
   745 | D        | Killed a death yak
   745 | D        | Received a gift from Okawaru
   746 | D        | Reached skill level 10 in Invocations
   749 | D        | Killed a cane toad
   771 | D        | Killed a cane toad
   772 | D        | Reached skill level 1 in Throwing
  1055 | D        | Noticed a cane toad
  1078 | D        | Reached skill level 2 in Throwing
  1085 | D        | Killed a cane toad
  1085 | D        | Received a gift from Okawaru
  1097 | D        | Reached skill level 3 in Throwing
  1260 | D        | Noticed Grum
  1275 | D        | Killed Grum
  1276 | D        | Reached XP level 11. HP: 72/74 MP: 17/19
  1280 | D        | Reached skill level 10 in Armour
  1331 | D        | Noticed Josephine
  1338 | D        | Killed Josephine
  1339 | D        | Reached skill level 4 in Throwing
  1713 | D        | Noticed an orc high priest
  1717 | D        | Reached skill level 5 in Throwing
  1728 | D        | Killed an orc high priest
  1805 | D        | Found Xilaj's General Store.
  1805 | D        | Noticed an orc high priest
  1805 | D        | Noticed an orc knight
  1805 | D        | Noticed an orc sorcerer
  1805 | D        | Noticed an orc sorcerer
  1806 | D        | Noticed an orc knight
  1810 | D        | Killed an orc sorcerer
  1811 | D        | Reached skill level 10 in Dodging
  1811 | D        | Noticed an orc knight
  1812 | D        | Killed an orc sorcerer
  1813 | D        | Reached skill level 6 in Throwing
  1819 | D        | Killed an orc knight
  1821 | D        | Killed an orc high priest
  1826 | D        | Killed an orc knight
  1826 | D        | Received a gift from Okawaru
  1826 | D        | Noticed an orc knight
  1827 | D        | Found Zodango's Antique Armour Shop.
  1833 | D        | Killed an orc knight
  1833 | D        | Received a gift from Okawaru
  1834 | D        | Reached skill level 7 in Throwing
  1835 | D        | Found Lulof's General Store.
  1844 | D        | Killed an orc knight
  1845 | D        | Reached XP level 12. HP: 21/82 MP: 15/20
  2120 | D        | Found Ulyeprim's Gadget Shop.
  2126 | D        | Noticed an orc high priest
  2127 | D        | Noticed an orc high priest
  2128 | D        | Noticed an orc high priest
  2137 | D        | Killed an orc high priest
  2139 | D        | Killed an orc high priest
  2140 | D        | Reached skill level 8 in Throwing
  2146 | D        | Killed an orc high priest
  2146 | D        | Received a gift from Okawaru
  2147 | D        | Reached skill level 9 in Throwing
  2150 | D        | Got a polished helmet {god gift}
  2310 | D        | Bought a potion of heal wounds for 55 gold pieces
  2324 | D        | Identified the +0 helmet of Glamorous Fun {rN+ rCorr MP+9}
                  | (Okawaru gifted it to you in the Dungeon)
  2485 | D        | Noticed Urug
  2490 | D        | Killed Urug
  2491 | D        | Reached skill level 10 in Throwing
  2550 | D        | Noticed Sonja
  2561 | D        | Killed Sonja
  2586 | D        | Found the +5 demon whip "Spellbinder" {antimagic, MR+}
  2604 | D        | Found the +4 Cigotuvi's embrace {rRot *Drain rN+}
  2668 | D        | Noticed a boulder beetle
  2668 | D        | Noticed a boulder beetle
  2673 | D        | Noticed a tengu warrior
  2675 | D        | Killed a boulder beetle
  2676 | D        | Reached skill level 11 in Throwing
  2676 | D        | Killed a boulder beetle
  2676 | D        | Reached ****** piety under Okawaru
  2677 | D        | Reached skill level 12 in Throwing
  2677 | D        | Noticed an ice dragon
  2678 | D        | Killed a tengu warrior
  2683 | D        | Killed an ice dragon
  2684 | D        | Reached skill level 13 in Throwing
  2690 | D        | Noticed an ettin
  2692 | D        | Noticed a great orb of eyes
  2695 | D        | Killed a great orb of eyes
  2696 | D        | Reached skill level 14 in Throwing
  2696 | D        | Killed an ettin
  2714 | D        | Noticed a rakshasa
  2719 | D        | Noticed a stone giant
  2719 | D        | Noticed an ettin
  2725 | D        | Killed a rakshasa
  2725 | D        | Received a gift from Okawaru
  2744 | D        | Killed a stone giant
  2745 | D        | Reached skill level 15 in Throwing
  2745 | D        | Reached XP level 13. HP: 38/87 MP: 21/21
  2755 | D        | Killed an ettin
  3139 | D        | Noticed a bunyip
  3145 | D        | Noticed a bunyip
  3146 | D        | Killed a bunyip
  3147 | D        | Reached skill level 16 in Throwing
  3148 | D        | Received a gift from Okawaru
  3149 | D        | Killed a bunyip
  3483 | D        | Received a gift from Okawaru
  3484 | D        | Got a pair of polished gloves {god gift}
  3493 | D        | Identified the +2 pair of gloves of the Chupacabra {-Cast
                  | Regen+ Slay+3} (Okawaru gifted it to you in the Dungeon)
  3519 | D        | Reached skill level 17 in Throwing
  3546 | D        | Noticed a merfolk impaler
  3553 | D        | Killed a merfolk impaler
  3554 | D        | Reached skill level 18 in Throwing
  3556 | D        | Noticed a merfolk impaler
  3564 | D        | Killed a merfolk impaler
  3682 | D        | Noticed a nagaraja
  3689 | D        | Killed a nagaraja
  3690 | D        | Reached skill level 19 in Throwing
  3690 | D        | Gained mutation: Your large and strong wings let you fly
                  | indefinitely. [Gargoyle growth]
  3690 | D        | Reached XP level 14. HP: 86/94 MP: 19/22
  3806 | D        | Noticed a frost giant
  3806 | D        | Noticed a purple very ugly thing
  3806 | D        | Noticed a stone giant
  3806 | D        | Noticed a fire giant
  3809 | D        | Killed a stone giant
  3809 | D        | Received a gift from Okawaru
  3811 | D        | Killed a fire giant
  3812 | D        | Reached skill level 20 in Throwing
  3812 | D        | Killed a purple very ugly thing
  3814 | D        | Killed a frost giant
  3815 | D        | Reached skill level 21 in Throwing
  3833 | D        | Received a gift from Okawaru
  3838 | D        | Noticed a white very ugly thing
  3862 | D        | Noticed a white very ugly thing
  3865 | D        | Killed a white very ugly thing
  3866 | D        | Reached skill level 15 in Long Blades
  3873 | D        | Mangled by a white very ugly thing

Illustrated notes

Levels and vault maps discovered:
D:        linesprint [early_d, line_temple, items_1, d_10, items_2, lair_1,
          lair_end, items_3, orc_1, orc_end, items_4, d_15, swamp_1, shoals_1,
          snake_1, spider_1, d_20, vaults_1, items_5, swamp_end, shoals_end,
          snake_end, spider_end, vaults_end, d_27, items_6, zot_1, zot_end,
          crypt_end, forest_end, elf_end, slime_end, tomb_end, abyss_end,
          pan_hell_end]

Skill      XL: |  1  2  3  4  5  6  7  8  9 10 11 12 13 14 |
---------------+-------------------------------------------+-----
Long Blades    | 2 3 6 9 10 12 14 15 | 15.0
Dodging        | 1 2 3 5 7 9 10 | 10.6
Fighting       | 4 5 8 9 10 11 12 13 | 13.7
Armour         | 4 5 8 9 10 12 | 12.8
Shields        | 4 5 8 9 10 11 12 13 14 | 14.8
Invocations    | 1 3 6 7 8 9 10 | 10.7
Throwing       | 3 7 15 19 21 | 21.7

Action                   |  1- 3 |  4- 6 |  7- 9 | 10-12 | 13-15 || total
-------------------------+-------+-------+-------+-------+-------++-------
Melee: Long sword        |    26 |       |       |       |       ||    26
       Scimitar          |     3 |     2 |    77 |   238 |    70 ||   390
Throw: Javelin           |       |       |       |    68 |    76 ||   144
       Dart              |       |       |       |       |     2 ||     2
Invok: Heroism           |       |       |       |     8 |     4 ||    12
       Finesse           |       |       |       |     1 |       ||     1
Evoke: Wand              |     1 |     2 |     2 |     4 |       ||     9
  Use: Potion            |     1 |       |       |     1 |       ||     2
Armor: Scale mail        |     7 |       |       |       |       ||     7
       Chain mail        |     2 |     1 |    33 |    24 |       ||    60
       Plate armour      |       |       |       |    15 |    39 ||    54
Dodge: Dodged            |    13 |     2 |    23 |    56 |    35 ||   129
Block: Kite shield       |    10 |     2 |    41 |   125 |    61 ||   239
       Rpst.: Long sword |     4 |       |       |       |       ||     4
       Scimitar          |       |       |     5 |    14 |     5 ||    24

Table legend: (Time is in decaauts)
 A = Elapsed time spent in this place.
 B = Non-inter-level travel time spent in this place.
 C = Inter-level travel time spent in this place.
 D = Time resting spent in this place.
 E = Time spent auto-exploring this place.
 F = Levels seen in this place.
 G = Mean time per level.
                   A        B        C        D        E       F      G
               +--------+--------+--------+--------+--------+-----+--------+
         Total |   3781 |   3781 |      0 |   1777 |    957 |   1 | 3781.0 |
       Dungeon |   3781 |   3781 |      0 |   1777 |    957 |   1 | 3781.0 |
               +--------+--------+--------+--------+--------+-----+--------+

Top non-repeatable levels by time:
       D: 3781 daAuts
